 Dungeon Crawl Stone Soup version 0.24.0-123-gd5b16e6ec5 (webtiles) character file.

Game seed: 214601397100230897, levelgen mode: deterministic

434 Destapler the Skirmisher (level 6, -1/57 HPs)
             Began as a Minotaur Fighter on Jan 3, 2020.
             Was a Follower of Qazlal.
             Slain by a wight
             ... wielding a cursed +4 battleaxe
              (19 damage)
             ... on level 5 of the Dungeon.
             The game lasted 00:11:19 (3662 turns).

Destapler the Skirmisher (Minotaur Fighter)         Turns: 3662, Time: 00:11:20

Health: -1/57      AC:  7    Str: 23    XL:     6   Next: 67%
Magic:  5/5        EV:  7    Int:  5    God:    Qazlal [*.....]
Gold:   192        SH: 10    Dex:  9    Spells: 4/5 levels left

rFire    . . .     SeeInvis .   a - +2 spear (venom)
rCold    . . .     Gourm    .   c - +0 shield
rNeg     . . .     Faith    .   o - +0 scale mail
rPois    .         Spirit   .   (helmet restricted)
rElec    .         Reflect  .   h - +0 cloak
rCorr    .         Harm     .   (no gloves)
MR       .....                  (no boots)
Stlth    ..........             l - amulet of the acrobat
HPRegen  0.19/turn              (no ring)
MPRegen  0.09/turn              (no ring)

@: heavily drained
A: retaliatory headbutt, horns 2
a: Renounce Religion


You were on level 5 of the Dungeon.
You worshipped Qazlal.
Qazlal was aware of your devotion.
You were very hungry.

You visited 1 branch of the dungeon, and saw 5 of its levels.

You collected 192 gold pieces.

Inventory:

Hand Weapons
 a - a +2 spear of venom (weapon)
 b - a +2 dagger of draining
Missiles
 m - 5 poisoned darts (quivered)
 n - 143 stones
Armour
 c - a +0 shield (worn)
 h - a +0 cloak (worn)
 o - a +0 scale mail (worn)
Jewellery
 l - an amulet of the acrobat (around neck)
 p - an uncursed ring of ice
 r - an uncursed ring of fire
Scrolls
 e - 2 scrolls of blinking {unknown}
 j - 7 scrolls of identify {unknown}
 q - a scroll of enchant armour {unknown}
 s - a scroll of enchant weapon {unknown}
 t - 4 scrolls of remove curse {unknown}
 u - 2 scrolls of amnesia {unknown}
 w - a scroll of magic mapping {unknown}
 y - a scroll of fog {unknown}
Potions
 d - a potion of might
 g - a potion of agility {unknown}
 i - a potion of haste {unknown}
 k - 3 potions of brilliance {unknown}
 v - a potion of curing {unknown}
 x - a potion of heal wounds {unknown}
Comestibles
 f - 6 rations


   Skills:
 + Level 5.7(4.2) Fighting
 - Level 2.4(1.1) Short Blades
 - Level 5.2(3.7) Polearms
 - Level 3.6(2.2) Armour
 - Level 3.6(2.2) Shields
 * Level 2.2(0.8) Hexes


You had 4 spell levels left.
You knew the following spells:

 Your Spells              Type           Power        Failure   Level  Hunger
a - Confusing Touch       Hex            #.....       99%         1    ##.....

Your spell library contained the following spells:

 Spells                   Type           Power        Failure   Level  Hunger
 Animate Skeleton         Necr           N/A          100%        1    ##.....
 Apportation              Tloc           #.....       100%        1    ##.....
 Summon Small Mammal      Summ           #...         100%        1    ##.....


Dungeon Overview and Level Annotations

Branches:
Dungeon (5/15)             Temple (0/1) D:4

Altars:
Elyvilon
Fedhas
Nemelex Xobeh
Qazlal
Ru
Vehumet
Zin
The Shining One

Shops:
D:3 *


Innate Abilities, Weirdness & Mutations

You reflexively headbutt those who attack you in melee.
You have a pair of horns on your head.


Message History

The wight is heavily damaged.
The wight barely misses you.
You hit the wight. Your headbutt misses the wight.
The wight is heavily damaged.
You block the wight's attack. The wight barely misses you.
You barely miss the wight.
The wight is heavily damaged.
You block the wight's attack.
The wight hits you with a cursed +0 long sword!
You barely miss the wight.
The wight is heavily damaged.
You block the wight's attack.
Your shield and scale mail prevent you from hitting the wight.
Your headbutt misses the wight.
The wight is heavily damaged.
You block the wight's attack.
You hit the wight. You headbutt the wight.
The wight is severely damaged.
The wight hits you with a cursed +4 battleaxe!!
You die...

### #..#
#.>.##
.....####
#....#.#
#.z..<# #@z.#
......○....#
...#...#....#
#.... .<.....
#.....
.......
#.....
.......
.......
.....##
.......
.....#


You could see 2 wights.

Vanquished Creatures
  2 wights (D:4)
  A centaur skeleton (D:4)
  A bullfrog skeleton (D:4)
  A hound (D:4)
  2 orc wizards (D:3)
  A worker ant (D:4)
  5 adders
  An ooze (D:3)
  5 worms
  7 dart slugs
  4 leopard geckos
  10 orcs
  3 ball pythons
  8 bats
  2 giant cockroaches
  11 goblins
  11 hobgoblins
  3 quokkas
  6 frilled lizards
  8 kobolds
  9 rats
101 creatures vanquished.

Vanquished Creatures (others)
  2 orcs (D:4)
2 creatures vanquished.

Grand Total: 103 creatures vanquished

Notes
Turn   | Place    | Note
-------+----------+-------------------------------------------
     0 | D:1      | Destapler the Minotaur Fighter began the quest for the Orb.
     0 | D:1      | Reached XP level 1. HP: 19/19 MP: 0/0
   116 | D:1      | Reached XP level 2. HP: 27/27 MP: 1/1
   813 | D:2      | Reached XP level 3. HP: 32/33 MP: 2/2
  1492 | D:2      | Reached XP level 4. HP: 30/41 MP: 3/3
  1592 | D:3      | Found a sparkling altar of Nemelex Xobeh.
  1615 | D:3      | Found Zin's Purification Station.
  1624 | D:3      | Reached skill level 5 in Polearms
  1790 | D:3      | Found a glowing silver altar of Zin.
  1807 | D:3      | Found a stormy altar of Qazlal.
  1861 | D:3      | Learned a level 1 spell: Confusing Touch
  1893 | D:3      | Found a glowing golden altar of the Shining One.
  1980 | D:3      | Reached XP level 5. HP: 45/47 MP: 4/4
  2028 | D:3      | Found a white marble altar of Elyvilon.
  2089 | D:3      | Found a blossoming altar of Fedhas.
  2186 | D:3      | Reached skill level 5 in Fighting
  2265 | D:3      | Became a worshipper of Qazlal Stormbringer
  2352 | D:3      | Reached skill level 1 in Short Blades
  2867 | D:4      | Reached skill level 1 in Hexes
  2974 | D:4      | Reached XP level 6. HP: 55/56 MP: 5/5
  3019 | D:4      | Found a radiant altar of Vehumet.
  3178 | D:4      | Found a staircase to the Ecumenical Temple.
  3233 | D:4      | Found a sacrificial altar of Ru.
  3378 | D:3      | Reached * piety under Qazlal
  3655 | D:5      | Entered Level 5 of the Dungeon
  3662 | D:5      | Slain by a wight

Levels and vault maps discovered:
D:1:      mrwooster_arrival_statue_3, layout_basic
D:2:      layout_basic
D:3:      layout_basic, overflow_temple_1_default, lemuel_round_altar,
          old_standard_altar, elyvilon_altar_3,
          nemelex_xobeh_ov_fountains_minmay, zin_purify, hangedman_decor_points,
          chequers_decorated_corner, chequers_serial_rivers_micro_b,
          minmay_goblin_outpost
D:4:      layout_loops_ring, fiery_altar_vehumet, nicolae_ru_path_of_blood,
          minmay_temple_entry_glassed_door, first_ration, serial_glass,
          glass_columns_b, glass_columns_b, feat_on_display, feat_on_display,
          feat_on_display, kennysheep_generic_room_9
D:5:      layout_cave_pools, trog_eyes_of_draining, serial_shops,
          shop_fountains, nicolae_gozag_cash_rules_everything_around_me

Skill      XL: |  1  2  3  4  5  6 |
---------------+-------------------+-----
Polearms       | 3 4 5 |  5.2
Fighting       | 4 5 |  5.7
Short Blades   | 2 |  2.4
Hexes          | 1 2 |  2.2
Armour         | |  3.6
Shields        | |  3.6

Action                   |  1- 3 |  4- 6 || total
-------------------------+-------+-------++-------
Melee: Trident           |   125 |    93 ||   218
       Headbutt          |     7 |    24 ||    31
       Spear             |       |    76 ||    76
  Eat: Chunk             |     2 |     6 ||     8
Armor: Scale mail        |    36 |    41 ||    77
Dodge: Dodged            |    20 |    78 ||    98
Block: Shield            |    34 |    89 ||   123
